 Dungeon Crawl Stone Soup version 0.28.0-53-g5a82cb258f (webtiles) character file.

Game seed: 14428851152211677810

3423 DocClef the Severer (level 9, -9/74 HPs)
             Began as a Minotaur Fighter on July 3, 2022.
             Was a Follower of Makhleb.
             Mangled by Prince Ribbit (12 damage)
             ... on level 8 of the Dungeon.
             The game lasted 00:09:40 (6826 turns).

DocClef the Severer (Minotaur Fighter)              Turns: 6826, Time: 00:09:40

Health: -9/74      AC: 10    Str: 29    XL:     9   Next: 76%
Magic:  0/8        EV:  9    Int:  5    God:    Makhleb [*.....]
Gold:   47         SH:  9    Dex:  9    Spells: 8/8 levels left

rFire   + + .      SeeInvis .   a - +3 war axe
rCold   . . .      Faith    .   c - +0 buckler
rNeg    + . .      Spirit   .   b - +0 scale mail
rPois   .          Reflect  +   (helmet restricted)
rElec   +          Harm     +   e - +0 cloak
rCorr   +          Rampage  .   p - +1 pair of gloves {infuse}
Will    .....                   (no boots)
Stlth   +.........              f - amulet "Iniymech" {Reflect Harm rF- Regen+ rCorr SH+5}
HPRegen 1.02/turn               A - ring "Osoq" {Wiz rF+++ Str+3 Slay+3 Stlth+}
MPRegen 0.11/turn               v - ring of Mufoxefo {+Blink Fly rElec rN+}

@: flying
A: horns 2, retaliatory headbutt
a: Renounce Religion, Evoke Blink


You were on level 8 of the Dungeon.
You worshipped Makhleb.
Makhleb was aware of your devotion.
You visited 2 branches of the dungeon, and saw 9 of its levels.

You collected 1171 gold pieces.
You spent 1124 gold pieces at shops.

Inventory:

Hand Weapons
 a - a +3 war axe (weapon)
Missiles
 y - 3 throwing nets (quivered)
Armour
 b - a +0 scale mail (worn)
 c - a +0 buckler (worn)
 e - a +0 cloak (worn)
 p - a +1 pair of gloves of infusion (worn)
Jewellery
 d - a +4 ring of evasion
 f - the amulet "Iniymech" (around neck) {Reflect Harm rF- Regen+ rCorr SH+5}
   (You acquired it on level 3 of the Dungeon)

   [amulet of reflection]

   It reflects blocked missile attacks.
   rF:        It makes you vulnerable to fire.
   Regen:     It increases your rate of health regeneration.
   rCorr:     It protects you from acid and corrosion.
   SH:        It affects your SH (+5).
   Harm:      It increases damage dealt and taken.
 h - a ring of magical power
 l - a +4 ring of evasion
 v - the ring of Mufoxefo (right hand) {+Blink Fly rElec rN+}
   (You found it on level 6 of the Dungeon)

   [ring of flight]

   rElec:     It insulates you from electricity.
   rN:        It protects you from negative energy.
   Fly:       It grants you flight.
   +Blink:    It lets you blink.
 z - an amulet of guardian spirit
 A - the ring "Osoq" (left hand) {Wiz rF+++ Str+3 Slay+3 Stlth+}
   (You bought it in a shop on level 4 of the Dungeon)

   [ring of wizardry]

   It improves your spell success rate.
   Str:       It affects your strength (+3).
   Slay:      It affects your accuracy & damage with ranged weapons and melee
   (+3).
   rF:        It renders you almost immune to fire.
   Stlth:     It makes you more stealthy.
Wands
 n - a wand of polymorph (6)
 u - a wand of paralysis (4)
Scrolls
 i - 3 scrolls of amnesia
 q - 4 scrolls of fear
 r - a scroll of summoning {unknown}
 s - 3 scrolls of identify
 t - a scroll of teleportation
Potions
 g - a potion of curing
 j - a potion of mutation {unknown}
 k - a potion of attraction
 m - a potion of degeneration {unknown}
 o - a potion of might
 w - a potion of flight {unknown}
 x - a potion of haste {unknown}


   Skills:
 + Level 5.2 Fighting
 - Level 16.0 Axes
 - Level 3.6 Armour
 - Level 3.6 Shields


You had 8 spell levels left.
You didn't know any spells.
Your spell library contained the following spells:

 Spells                   Type           Power      Damage    Failure   Level
 Animate Skeleton         Necr           0%         N/A       50%         1
 Apportation              Tloc           0%         N/A       50%         1
 Pain                     Necr           0%         1d4       50%         1
 Sting                    Tmut/Pois      0%         1d3       50%         1
 Summon Small Mammal      Summ           0%         N/A       50%         1
 Poisonous Vapours        Pois/Air       0%         N/A       63%         2
 Conjure Flame            Conj/Fire      0%         6-21      85%         3
 Ignite Poison            Fire/Tmut/Pois 0%         N/A       85%         3
 Olgreb's Toxic Radiance  Pois           0%         N/A       99%         4
 Sticky Flame             Conj/Fire      0%         2d3       99%         4
 Agony                    Necr           0%         N/A       100%        5
 Excruciating Wounds      Necr           0%         N/A       100%        5


Dungeon Overview and Level Annotations

Branches:
Dungeon (8/15)             Temple (1/1) D:6
   Lair: D:8-11

Altars:
Ashenzari
Cheibriados
Dithmenos
Elyvilon
Fedhas
Gozag
Hepliaklqana
Kikubaaqudgha
Makhleb
Nemelex Xobeh
Okawaru
Qazlal
Ru
Sif Muna
Trog
Uskayaw
Vehumet
Wu Jian
Xom
Yredelemnul
Zin
The Shining One

Shops:
D:2 :   D:3 ?   D:4 =?(

Annotations:
D:7 exclusion: statue
D:8 Prince Ribbit


Innate Abilities, Weirdness & Mutations

You have a pair of horns on your head.
You reflexively headbutt those who attack you in melee.


Message History

You feel better.
You barely miss Prince Ribbit. You slash the wyvern!
Prince Ribbit blinks!
You block the wyvern's attack.
Your Fighting skill increases to level 4!
Unknown command.
You barely miss the wyvern. Your headbutt misses the wyvern.
The wyvern is heavily wounded.
You block the wyvern's attack.
Unknown command.
You slash the wyvern!
You kill the wyvern!
Makhleb accepts your kill.
An orc comes into view. It is wielding a +0 short sword.
Your Fighting skill increases to level 5!
Unknown command.
Prince Ribbit blinks!
There is an open door here.
Prince Ribbit catches a moth with his tongue.
You hear an angry growl.
Prince Ribbit blinks!
The orc throws a boomerang.
The boomerang barely misses you. Prince Ribbit hits you!
* * * LOW HITPOINT WARNING * * *
You hear an angry hiss.
You completely miss Prince Ribbit. Your headbutt misses Prince Ribbit.
Prince Ribbit is heavily wounded.
You hear an angry hiss.
Prince Ribbit hits you.
* * * LOW HITPOINT WARNING * * *
You hit Prince Ribbit.
Prince Ribbit is severely wounded.
Prince Ribbit barely misses you. You furiously retaliate!
You headbutt Prince Ribbit! You barely miss Prince Ribbit.
Prince Ribbit is almost dead.
Prince Ribbit hits you!
* * * LOW HITPOINT WARNING * * *
You closely miss Prince Ribbit.
Prince Ribbit is almost dead.
Prince Ribbit hits you!
You die...

##.#.#.#.##.####.#.#####.#
##...##.##.. .....# #.##
##.....#######.#.# #.##
#.##### #+#.. ..## ##.##
#...## #### #...## #.....#
## #....## ##....... ##.
#.....####...>.... ####..
##......@Fo....... +.....
#....####........ ####..
#.#.## ##....... ##. #.###
#.....# #. #.. .P.... #.
#. ...... #. ..... #.
o..P. #. #.


You could see Prince Ribbit and an orc.

Vanquished Creatures
  Pikel (D:5)
  A wyvern (D:8)
  Menkaure (D:5)
  2 water moccasins
  A hornet zombie (D:6)
  2 black bears
  An orc warrior (D:6)
  A necrophage (D:4)
  A wolf (D:8)
  3 ogres
  A centaur (D:7)
  A phantom (D:5)
  A kobold brigand (D:7)
  A bullfrog (D:7)
  2 scorpions
  A wyvern zombie (D:7)
  A gnoll sergeant (D:5)
  2 wyvern skeletons
  A bullfrog zombie (D:4)
  2 centaur zombies
  4 gnoll shamans
  A centaur skeleton (D:5)
  5 orc priests
  A hound (D:4)
  2 jellies (D:6)
  4 iguanas
  5 orc wizards
  A scorpion zombie (D:4)
  A hound zombie (D:4)
  2 hound skeletons (D:4)
  9 adders
  13 gnolls
  A howler monkey skeleton (D:7)
  A white imp (D:4)
  An ufetubus (D:7)
  An adder zombie (D:4)
  4 worms
  3 dart slugs
  14 orcs
  6 ball pythons
  6 endoplasms
  2 giant cockroaches
  6 goblins
  4 hobgoblins
  4 jackals (D:2)
  6 kobolds
  4 quokkas
  7 bats
  A quokka skeleton (D:4)
  7 rats
153 creatures vanquished.

Vanquished Creatures (others)
  2 fungi (D:8)
  18 plants
  A withered plant (D:4)
21 creatures vanquished.

Grand Total: 174 creatures vanquished

Notes
Turn   | Place    | Note
-------+----------+-------------------------------------------
     0 | D:1      | DocClef the Minotaur Fighter began the quest for the Orb.
     0 | D:1      | Reached XP level 1. HP: 19/19 MP: 0/0
   200 | D:1      | Reached skill level 3 in Axes
   278 | D:1      | Reached XP level 2. HP: 26/26 MP: 1/1
   316 | D:2      | Found Foran's Book Shoppe.
   325 | D:2      | Reached skill level 4 in Axes
   364 | D:2      | Reached XP level 3. HP: 31/31 MP: 2/2
   432 | D:2      | Reached skill level 5 in Axes
   700 | D:3      | Reached XP level 4. HP: 22/39 MP: 3/3
  1097 | D:4      | Reached skill level 6 in Axes
  1193 | D:5      | Entered Level 5 of the Dungeon
  1199 | D:5      | Noticed a scorpion
  1204 | D:5      | Killed a scorpion
  1205 | D:5      | Reached XP level 5. HP: 45/45 MP: 4/4
  1205 | D:5      | Noticed Menkaure
  1211 | D:5      | Killed Menkaure
  1212 | D:5      | Reached skill level 7 in Axes
  1212 | D:5      | Reached XP level 6. HP: 42/51 MP: 5/5
  1286 | D:5      | Noticed a water moccasin
  1297 | D:5      | HP: 2/51 [water moccasin (1)]
  1299 | D:5      | Killed a water moccasin
  1300 | D:5      | Reached skill level 8 in Axes
  1305 | D:5      | Reached skill level 9 in Axes
  2204 | D:3      | Found Ajiru's Magic Scroll Emporium.
  2216 | D:3      | Identified a scroll of acquirement
  2216 | D:3      | Acquired the amulet "Iniymech" {Reflect Harm rF- Regen+
                  | rCorr SH+5}
  2363 | D:3      | Reached XP level 7. HP: 57/57 MP: 6/6
  2692 | D:4      | Found Funegrosch's Jewellery Boutique.
  2762 | D:4      | Reached skill level 10 in Axes
  2776 | D:4      | Found Fexar's Weapon Boutique.
  3113 | D:4      | Found Haol's Magic Scroll Boutique.
  3159 | D:4      | Reached skill level 11 in Axes
  3161 | D:4      | Reached XP level 8. HP: 63/64 MP: 7/7
  3879 | D:5      | Reached skill level 12 in Axes
  3954 | D:5      | Noticed Pikel
  3966 | D:5      | Killed Pikel
  3967 | D:5      | Reached skill level 13 in Axes
  4659 | D:6      | Reached skill level 14 in Axes
  4659 | D:6      | Reached XP level 9. HP: 70/70 MP: 8/8
  4777 | D:6      | Found a staircase to the Ecumenical Temple.
  4797 | Temple   | Entered the Ecumenical Temple
  5045 | Temple   | Became a worshipper of Makhleb the Destroyer
  5406 | D:6      | Paralysed by a gnoll for 5 turns
  5424 | D:6      | Identified the ring of Mufoxefo {+Blink Fly rElec rN+}
  5574 | D:6      | Acquired 741 gold pieces
  5666 | D:7      | Reached skill level 15 in Axes
  5709 | D:7      | Found a radiant altar of Vehumet.
  5946 | D:7      | Reached * piety under Makhleb
  6709 | D:4      | Bought the ring "Osoq" {Wiz rF+++ Str+3 Slay+3 Stlth+} for
                  | 1124 gold pieces
  6801 | D:8      | Noticed Prince Ribbit
  6813 | D:8      | Reached skill level 16 in Axes
  6816 | D:8      | Reached skill level 5 in Fighting
  6825 | D:8      | HP: 3/74 [Prince Ribbit (14)]
  6826 | D:8      | Mangled by Prince Ribbit

Illustrated notes

Levels and vault maps discovered:
D:1:      wander_arrival_fairy_ring, layout_basic, minmay_pentomino_z2
D:2:      layout_rooms, serial_shops, shop, hangedman_decor_points,
          minmay_surrounded
D:3:      layout_loops_ring, serial_shops, nicolae_shop_trees,
          serial_park_tiny_pond, chequers_garden
D:4:      layout_layer_cave, serial_undead, serial_undead_c, serial_undead_d,
          serial_undead_d, serial_undead_b, serial_shops, shop, shop,
          nicolae_square_shop
D:5:      layout_rooms, nicolae_grassy_gnolls, uniq_menkaure, uniq_pikel
D:6:      layout_basic, minmay_temple_entry_wispy, kennysheep_generic_room_4
D:7:      layout_gridville, vehumet_statue
D:8:      layout_loops_corners, minmay_lair_entry_grove, uniq_prince_ribbit1
Temple:   compressed_dpeg_circular_temple

Skill      XL: |  1  2  3  4  5  6  7  8  9 |
---------------+----------------------------+-----
Axes           | 3 4 5 6 7 9 11 14 16 | 16.0
Fighting       | 5 |  5.2
Armour         | |  3.6
Shields        | |  3.6

Action                   |  1- 3 |  4- 6 |  7- 9 || total
-------------------------+-------+-------+-------++-------
Melee: War axe           |    70 |    79 |   221 ||   370
       Headbutt          |    10 |     9 |    35 ||    54
  Use: Scroll            |       |     5 |     8 ||    13
       Potion            |       |     2 |     1 ||     3
Armor: Scale mail        |    35 |    40 |    61 ||   136
Dodge: Dodged            |    33 |    43 |    92 ||   168
Block: Buckler           |    16 |    24 |   105 ||   145
       Reflection        |       |       |     3 ||     3
